 Dungeon Crawl Stone Soup version 0.22.1-1-ga44c0e56f4 (webtiles) character file.

28 Ivernyr the Ogre Mage (level 3, 0/33 HPs)
             Began as an Ogre Wizard on Oct 25, 2018.
             Slain by a worker ant (3 damage)
             ... on level 2 of the Dungeon.
             The game lasted 00:10:04 (1678 turns).

Ivernyr the Ogre Mage (Ogre Wizard)                 Turns: 1678, Time: 00:10:05

Health: 0/33       AC:  3    Str: 11    XL:     3   Next: 12%
Magic:  1/8        EV: 10    Int: 20    God:
Gold:   105        SH:  0    Dex:  7    Spells: 1/10 levels left

rFire    . . .     SeeInvis .   (no weapon)
rCold    . . .     Gourm    .   (no shield)
rNeg     . . .     Faith    .   a - +0 robe
rPois    .         Spirit   .   b - +0 hat
rElec    .         Reflect  .   (no cloak)
rCorr    .         Harm     .   (gloves unavailable)
MR       .....                  (boots unavailable)
Stlth    +.........             (no amulet)
HPRegen  0.11/turn              g - ring of wizardry
MPRegen  0.11/turn              (no ring)

@: lethally poisoned (0 -> -2)
A: large, unfitting armour, tough skin 1
a: no special abilities


You were on level 2 of the Dungeon.
You were not hungry.

You visited 1 branch of the dungeon, and saw 2 of its levels.

You collected 105 gold pieces.

Inventory:

Armour
 a - a +0 robe (worn)
 b - a +0 hat (worn)
Jewellery
 g - a ring of wizardry (left hand)
Scrolls
 i - a scroll of identify {unknown}
 j - a scroll of fog {unknown}
 k - a scroll of remove curse {unknown}
 l - a scroll of fear {unknown}
 m - a scroll of teleportation {unknown}
Potions
 c - 2 potions of agility {unknown}
 e - a potion of mutation {unknown}
 f - a potion of curing {unknown}
 h - a potion of haste {unknown}
 n - a potion of berserk rage {unknown}
Comestibles
 d - 5 rations


   Skills:
 + Level 1.6 Fighting
 - Level 1.7 Dodging
 - Level 1.4 Stealth
 * Level 4.3 Spellcasting
 + Level 1.4 Conjurations
   Level 0.8 Summonings
 - Level 0.8 Translocations


You had one spell level left.
You knew the following spells:

 Your Spells              Type           Power        Failure   Level  Hunger
a - Magic Dart            Conj           #...         2%          1    None
b - Blink                 Tloc           N/A          5%          2    #......
c - Conjure Flame         Conj/Fire      #.......     12%         3    ###....
d - Mephitic Cloud        Conj/Pois/Air  #.......     12%         3    ###....

Your spell library contained the following spells:

 Spells                   Type           Power        Failure   Level  Hunger
 Confusing Touch          Hex            #.....       5%          1    None
 Call Imp                 Summ           #.......     5%          2    #......
 Slow                     Hex            #.......     8%          2    #......
 Gell's Gravitas          Tloc           #.........   11%         3    ###....
 Confuse                  Hex            #.......     16%         3    ###....
 Petrify                  Tmut/Erth      #.......     43%         4    ####...
 Metabolic Englaciation   Hex/Ice        #.........   77%         5    ######.
 Yara's Violent Unravell  Hex/Tmut       #.........   77%         5    ######.


Dungeon Overview and Level Annotations

Branches:
Dungeon (2/15)

Altars:


Innate Abilities, Weirdness & Mutations

You are too large for most types of armour.
You have tough skin. (AC +1)


Message History

Aiming: Magic Dart (safe; 2% risk of failure)
Press: ? - help, Shift-Dir - straight line, f/p - worker ant
Aim: a worker ant (lightly wounded)
The magic dart hits the worker ant.
The worker ant is lightly wounded.
You feel sick. The worker ant barely misses you.
The worker ant bites you but does no damage.
Unknown command.
You feel sick. The worker ant bites you. The worker ant closely misses you.
You feel sick. The worker ant closely misses you.
The worker ant barely misses you. The worker ant completely misses you.
The worker ant bites you.
* * * LOW HITPOINT WARNING * * *
You feel sick. The worker ant barely misses you. The worker ant misses you.
You feel sick. The worker ant bites you.
* * * LOW HITPOINT WARNING * * *
The worker ant bites you.
You die...

.........# ........### .
......... #. ....... ..
#g. ... #.....# .....
#.. ....#.....##....%#
##.. .%.....a......[..#
#... ...###.@.......<..
#... ..........##.....
#... ...............#
#... ...............#
#... ...............#...
#..รท
.....#..............+...
.....#......##......#...
....##......##.........<
.... #............#.....


You could see a worker ant.

Vanquished Creatures
  An ooze (D:2)
  A worm (D:2)
  2 leopard geckos (D:2)
  5 bats (D:1)
  2 goblins (D:1)
  A hobgoblin (D:2)
  2 kobolds (D:1)
  A quokka (D:2)
  2 frilled lizards (D:2)
17 creatures vanquished.

Notes
Turn   | Place    | Note
-------+----------+-------------------------------------------
     0 | D:1      | Ivernyr the Ogre Wizard began the quest for the Orb.
     0 | D:1      | Reached XP level 1. HP: 16/16 MP: 5/5
    45 | D:1      | Reached skill level 1 in Conjurations
   495 | D:1      | Reached XP level 2. HP: 26/26 MP: 2/6
   576 | D:1      | Reached skill level 1 in Fighting
   695 | D:1      | Reached skill level 4 in Spellcasting
  1137 | D:2      | Learned a level 2 spell: Blink
  1471 | D:2      | Reached XP level 3. HP: 29/33 MP: 2/8
  1476 | D:2      | Learned a level 3 spell: Conjure Flame
  1480 | D:2      | Learned a level 3 spell: Mephitic Cloud
  1678 | D:2      | Slain by a worker ant

Skill      XL: |  1  2 |
---------------+-------+-----
Conjurations   | 1 |  1.4
Fighting       | 1 |  1.6
Spellcasting   | 4 |  4.3
Dodging        | |  1.7
Stealth        | |  1.4
Summonings     | |  0.8
Translocations | |  0.8

Action                   || total
-------------------------++-------
Melee: Unarmed           ||    31
 Cast: Magic Dart        ||    61
  Eat: Chunk             ||     2
Armor: Robe              ||    11
Dodge: Dodged            ||    35
